 Dungeon Crawl Stone Soup version 0.23.0 (webtiles) character file.

Game seed: 16273141564293941985

1052 tidbits the Charmwright (level 8, 23/63 HPs)
             Began as a Gnoll Skald on Feb 14, 2019.
             Was a Priest of Cheibriados.
             Quit the game in a bailey.
             The game lasted 00:19:02 (1660 turns).

tidbits the Charmwright (Gnoll Skald)               Turns: 1660, Time: 00:19:03

Health: 23/63      AC:  5    Str: 21    XL:     8   Next: 26%
Magic:  5/16       EV: 16    Int: 26    God:    Cheibriados [***...]
Gold:   142        SH:  6    Dex: 23    Spells: 7/18 levels left

rFire    . . .     SeeInvis .   v - +0 broad axe
rCold    . . .     Gourm    .   D - +0 buckler (curse)
rNeg     . . .     Faith    .   b - +0 leather armour
rPois    .         Spirit   .   E - +0 helmet
rElec    .         Reflect  .   C - +0 cloak
rCorr    .         Harm     .   (no gloves)
MR       .....                  (no boots)
Stlth    +++.......             (no amulet)
HPRegen  0.20/turn              W - ring of wizardry
MPRegen  0.15/turn              (no ring)

@: flying, hasted
A: distributed training, fangs 1, strong nose
a: Bend Time, Temporal Distortion, Renounce Religion


You were in a bailey.
You worshipped Cheibriados.
Cheibriados was most pleased with you.
You were not hungry.

You visited 1 branch of the dungeon, and saw 7 of its levels.
You also visited: Sewer and Bailey.

You collected 142 gold pieces.

Inventory:

Hand Weapons
 a - a +0 spear
 g - a +0 dagger
 l - a +2 dagger of venom
   (You took it off a goblin on level 2 of the Dungeon)
 s - a +0 blowgun
 v - a +0 broad axe (weapon)
Missiles
 t - 8 poisoned needles
Armour
 b - a +0 leather armour (worn)
 C - a +0 cloak (worn)
 D - a cursed +0 buckler (worn)
 E - a +0 helmet (worn)
Jewellery
 W - a ring of wizardry (left hand)
   (You found it on level 5 of the Dungeon)
Scrolls
 e - a scroll of enchant weapon {unknown}
 f - a scroll of teleportation
 i - 2 scrolls of blinking {unknown}
 r - 2 scrolls of remove curse
 u - a scroll of magic mapping {unknown}
Potions
 h - 4 potions of curing
 j - 2 potions of ambrosia
 k - 2 potions of heal wounds
 m - a potion of degeneration {!q}
 n - 2 potions of agility
 p - 5 potions of brilliance
Comestibles
 d - 5 rations


   Skills:
 + Level 5.5 Fighting
 + Level 3.0 Short Blades
 + Level 3.0 Long Blades
 + Level 3.0 Axes
 + Level 3.0 Maces & Flails
 + Level 5.5 Polearms
 + Level 3.0 Staves
 + Level 3.0 Slings
 + Level 3.0 Bows
 + Level 3.0 Crossbows
 + Level 3.0 Throwing
 + Level 4.0 Armour
 + Level 5.5 Dodging
 + Level 3.0 Stealth
 + Level 3.0 Shields
 + Level 3.0 Unarmed Combat
 + Level 5.9 Spellcasting
 + Level 2.4 Conjurations
 + Level 2.4 Hexes
 + Level 6.0 Charms
 + Level 2.4 Summonings
 + Level 2.4 Necromancy
 + Level 2.4 Translocations
 + Level 2.4 Transmutations
 + Level 2.4 Fire Magic
 + Level 2.4 Ice Magic
 + Level 2.4 Air Magic
 + Level 2.4 Earth Magic
 + Level 2.4 Poison Magic
 + Level 3.3 Invocations
 + Level 3.0 Evocations


You had 7 spell levels left.
You knew the following spells:

 Your Spells              Type           Power        Failure   Level  Hunger
g - Shroud of Golubria    Chrm/Tloc      ####......   1%          2    None
i - Infusion              Chrm           ####         1%          1    None
r - Regeneration          Chrm/Necr      ####......   1%          3    None
w - Spectral Weapon       Hex/Chrm       ####....     1%          3    None
y - Song of Slaying       Chrm           #####...     1%          2    None

Your spell library contained the following spells:

 Spells                   Type           Power        Failure   Level  Hunger


Dungeon Overview and Level Annotations

Branches:
Dungeon (7/15)             Temple (0/1) D:5

Altars:
Cheibriados


Innate Abilities, Weirdness & Mutations

Your experience applies equally to all skills.
You have very sharp teeth.
Your uncanny sense of smell can sniff out nearby items.


Message History

The orc high priest calls down the wrath of Beogh upon you.
You struggle to resist.
Found 2 rations.
You barely miss the goblin.
Your spectral weapon misses the goblin.
Your spectral weapon barely misses the ynoxinul.
You block the goblin's attack.
The goblin closely misses your spectral weapon.
The ynoxinul gestures at you. The iron shot hits you!!
Ouch! That really hurt!
* * * LOW HITPOINT WARNING * * *
It was a potion of flight.
You feel very buoyant.
You fly up into the air.
The goblin barely misses you.
The goblin hits your spectral weapon but does no damage.
The ynoxinul gestures.
You barely miss the orc high priest. Your bite misses the orc high priest.
You hit the gnoll. You hit the ynoxinul but do no damage.
You closely miss the goblin.
You feel a little less agile now.
Your spectral weapon hits the orc high priest!
Your spectral weapon closely misses the goblin.
Your spectral weapon hits the goblin but does no damage.
The orc high priest misses you.
The orc high priest hits your spectral weapon with a +0 war axe.
Your spectral weapon shares its damage with you!
* * * LOW HITPOINT WARNING * * *
The goblin hits your spectral weapon with a +0 hand axe.
Your spectral weapon shares its damage with you!
* * * LOW HITPOINT WARNING * * *
The gnoll barely misses you. The goblin misses you.
The goblin misses your spectral weapon. The ynoxinul barely misses you.
The orc high priest misses you.
The orc high priest hits your spectral weapon with a +0 war axe.
Your spectral weapon shares its damage with you!
* * * LOW HITPOINT WARNING * * *
The ufetubus hits you but does no damage.
The ufetubus closely misses you.
Unknown command.
You fail to use your ability.
The gnoll barely misses you. The goblin barely misses you.
The goblin hits your spectral weapon but does no damage.
The ynoxinul closely misses you. The ufetubus barely misses you.
The ufetubus misses you.
The orc high priest calls upon Beogh to heal the orc high priest.
The orc high priest's wounds heal themselves!
Unknown command.
You feel much better.
Your skin stops crawling.
The ufetubus hits you but does no damage.
The ufetubus barely misses you.
The orc high priest utters an invocation to Beogh.
The gnoll completely misses you. The ynoxinul misses you.
Your shroud bends the goblin's attack away.
The goblin hits your spectral weapon but does no damage.
The hellwing hits your spectral weapon.
The hellwing barely misses your spectral weapon.
The ufetubus barely misses you. The ufetubus closely misses you.
Unknown command.
Unknown command.
You slash the orc high priest!
The orc high priest is lightly wounded.
You closely miss the gnoll. You slash the ynoxinul! You slash the ufetubus!
You kill the ufetubus!
You hit the goblin but do no damage.
Your spectral weapon fades away.
Your shroud bends the orc high priest's attack away.
The gnoll barely misses you. The ynoxinul barely misses you.
The goblin closely misses you.
Your shroud bends the ynoxinul's attack away.
The orc high priest closely misses you. The ufetubus hits you.
Your shroud falls apart!
The ufetubus barely misses you. You block the gnoll's attack.
You can feel time thicken for a moment.
You kill the gnoll!
Cheibriados thoroughly appreciates the change of pace.
You kill the hobgoblin!
Cheibriados appreciates the change of pace.
You kill the goblin!
Cheibriados appreciates the change of pace.
You kill the ufetubus!
You kill the goblin!
Cheibriados appreciates the change of pace.
You feel somewhat more hungry.
You can no longer inflict damage on those overly hasty.
Cheibriados lowers the support of your attributes as your movement quickens.
The orc high priest mumbles some strange prayers to Beogh against you.
Beogh smites you! The ynoxinul hits you!
* * * LOW HITPOINT WARNING * * *
Unknown command.
It was a potion of haste.
You feel yourself speed up.
Cheibriados forgives your accidental hurry, just this once.
The orc high priest whispers, "I'll spare you if you take my job."
The orc high priest utters an invocation to Beogh.
The ynoxinul hits you.
* * * LOW HITPOINT WARNING * * *
Okay, then.
Unknown command.
Okay, then.
Unknown command.
Are you sure you want to abandon this character and quit the game? (Confirm with "yes".)

##### %%..#
%%..
##########
##+#.........
+.....o3._...
#.8..44).....
#...3@o4.....
#.8.#########
#.....#######
#.8...#.....#
#.....#.....#
####..#..⌠..#
#..'.....+
#..'.....+
#####'''#####


You could see 2 orc high priests, an orange demon, a hellwing, an ice devil, a
smoke demon and a ynoxinul.

Vanquished Creatures
  Grinder (D:3)
  An ogre (D:7)
  An orc warrior (Bailey)
  An ice beast (D:5)
  A wyvern zombie (D:6)
  A hound (D:4)
  An orc priest (D:5)
  2 orc wizards (D:5)
  Natasha (thrice) (D:3)
  An iguana (D:4)
  A worker ant (D:4)
  A worker ant zombie (D:6)
  A gnoll (Bailey)
  10 adders
  7 river rats (Sewer)
  A shadow imp (D:7)
  A worm (D:4)
  2 dart slugs
  A leopard gecko (D:4)
  8 orcs
  A giant cockroach (D:4)
  15 goblins
  8 hobgoblins
  6 jackals
  2 quokkas
  6 ball pythons
  5 bats
  A frilled lizard (D:2)
  21 kobolds
  21 rats
132 creatures vanquished.

Vanquished Creatures (others)
  A spectral weapon (Bailey)
1 creature vanquished.

Grand Total: 133 creatures vanquished

Notes
Turn   | Place    | Note
-------+----------+-------------------------------------------
     0 | D:1      | tidbits the Gnoll Skald began the quest for the Orb.
     0 | D:1      | Reached XP level 1. HP: 20/20 MP: 6/6
    63 | D:1      | Reached XP level 2. HP: 25/26 MP: 0/7
    76 | D:1      | Learned a level 2 spell: Song of Slaying
    79 | D:1      | Learned a level 2 spell: Shroud of Golubria
   248 | D:2      | Reached XP level 3. HP: 31/31 MP: 6/9
   254 | D:2      | Reached skill level 5 in Spellcasting
   261 | D:2      | Reached skill level 1 in Invocations
   266 | D:2      | Learned a level 3 spell: Regeneration
   271 | D:2      | Learned a level 3 spell: Spectral Weapon
   303 | D:2      | Reached skill level 1 in Short Blades
   303 | D:2      | Reached skill level 1 in Long Blades
   303 | D:2      | Reached skill level 1 in Axes
   303 | D:2      | Reached skill level 1 in Maces & Flails
   303 | D:2      | Reached skill level 1 in Staves
   303 | D:2      | Reached skill level 1 in Slings
   303 | D:2      | Reached skill level 1 in Bows
   303 | D:2      | Reached skill level 1 in Crossbows
   303 | D:2      | Reached skill level 1 in Throwing
   303 | D:2      | Reached skill level 1 in Stealth
   303 | D:2      | Reached skill level 1 in Shields
   303 | D:2      | Reached skill level 1 in Unarmed Combat
   303 | D:2      | Reached skill level 1 in Evocations
   303 | D:2      | Reached XP level 4. HP: 38/38 MP: 4/11
   338 | D:3      | Noticed Grinder
   352 | D:3      | Killed Grinder
   352 | D:3      | Reached skill level 3 in Armour
   352 | D:3      | Reached skill level 1 in Conjurations
   352 | D:3      | Reached skill level 1 in Hexes
   352 | D:3      | Reached skill level 1 in Summonings
   352 | D:3      | Reached skill level 1 in Necromancy
   352 | D:3      | Reached skill level 1 in Translocations
   352 | D:3      | Reached skill level 1 in Transmutations
   352 | D:3      | Reached skill level 1 in Fire Magic
   352 | D:3      | Reached skill level 1 in Ice Magic
   352 | D:3      | Reached skill level 1 in Air Magic
   352 | D:3      | Reached skill level 1 in Earth Magic
   352 | D:3      | Reached skill level 1 in Poison Magic
   352 | D:3      | Reached skill level 2 in Invocations
   352 | D:3      | Reached XP level 5. HP: 43/43 MP: 10/12
   352 | D:3      | Reached XP level 6. HP: 50/50 MP: 10/13
   407 | D:3      | Noticed Natasha
   415 | D:3      | Killed Natasha
   463 | D:4      | Found a snail-covered altar of Cheibriados.
   471 | D:4      | Became a worshipper of Cheibriados the Contemplative
   524 | D:3      | Noticed Natasha
   536 | D:3      | Killed Natasha
   536 | D:3      | Reached skill level 5 in Fighting
   536 | D:3      | Reached skill level 5 in Polearms
   536 | D:3      | Reached skill level 5 in Dodging
   547 | D:3      | Noticed Natasha
   551 | D:3      | Killed Natasha
   551 | D:3      | Reached skill level 2 in Short Blades
   551 | D:3      | Reached skill level 2 in Long Blades
   551 | D:3      | Reached skill level 2 in Axes
   551 | D:3      | Reached skill level 2 in Maces & Flails
   551 | D:3      | Reached skill level 2 in Staves
   551 | D:3      | Reached skill level 2 in Slings
   551 | D:3      | Reached skill level 2 in Bows
   551 | D:3      | Reached skill level 2 in Crossbows
   551 | D:3      | Reached skill level 2 in Throwing
   551 | D:3      | Reached skill level 2 in Stealth
   551 | D:3      | Reached skill level 2 in Shields
   551 | D:3      | Reached skill level 2 in Unarmed Combat
   551 | D:3      | Reached skill level 2 in Evocations
   716 | D:4      | Found a glowing drain.
   725 | Sewer    | Entered a sewer
   738 | Sewer    | Reached * piety under Cheibriados
   764 | Sewer    | Reached XP level 7. HP: 56/56 MP: 10/15
   834 | Sewer    | Reached ** piety under Cheibriados
  1029 | Sewer    | Reached *** piety under Cheibriados
  1214 | D:4      | Reached skill level 2 in Conjurations
  1214 | D:4      | Reached skill level 2 in Hexes
  1214 | D:4      | Reached skill level 2 in Summonings
  1214 | D:4      | Reached skill level 2 in Necromancy
  1214 | D:4      | Reached skill level 2 in Translocations
  1214 | D:4      | Reached skill level 2 in Transmutations
  1214 | D:4      | Reached skill level 2 in Fire Magic
  1214 | D:4      | Reached skill level 2 in Ice Magic
  1214 | D:4      | Reached skill level 2 in Air Magic
  1214 | D:4      | Reached skill level 2 in Earth Magic
  1214 | D:4      | Reached skill level 2 in Poison Magic
  1218 | D:5      | Entered Level 5 of the Dungeon
  1320 | D:5      | Reached skill level 3 in Invocations
  1411 | D:5      | Found a staircase to the Ecumenical Temple.
  1445 | D:7      | Reached XP level 8. HP: 37/63 MP: 12/16
  1498 | D:6      | Reached skill level 6 in Charms
  1571 | D:7      | Reached **** piety under Cheibriados
  1574 | D:7      | Found a flagged portal.
  1583 | Bailey   | Entered a bailey
  1611 | Bailey   | Reached skill level 3 in Short Blades
  1611 | Bailey   | Reached skill level 3 in Long Blades
  1611 | Bailey   | Reached skill level 3 in Axes
  1611 | Bailey   | Reached skill level 3 in Maces & Flails
  1611 | Bailey   | Reached skill level 3 in Staves
  1611 | Bailey   | Reached skill level 3 in Slings
  1611 | Bailey   | Reached skill level 3 in Bows
  1611 | Bailey   | Reached skill level 3 in Crossbows
  1611 | Bailey   | Reached skill level 3 in Throwing
  1611 | Bailey   | Reached skill level 4 in Armour
  1611 | Bailey   | Reached skill level 3 in Stealth
  1611 | Bailey   | Reached skill level 3 in Shields
  1611 | Bailey   | Reached skill level 3 in Unarmed Combat
  1611 | Bailey   | Reached skill level 3 in Evocations
  1633 | Bailey   | Found an iron altar of Okawaru.
  1633 | Bailey   | Noticed an orc high priest
  1644 | Bailey   | Noticed an orc high priest
  1646 | Bailey   | Noticed a hellwing
  1646 | Bailey   | Noticed a ynoxinul
  1657 | Bailey   | Noticed an ice devil
  1660 | Bailey   | Noticed a smoke demon
  1660 | Bailey   | Noticed an orange demon
  1660 | Bailey   | Quit the game

Skill      XL: |  1  2  3  4  5  6  7  8 |
---------------+-------------------------+-----
Spellcasting   | 5 |  5.9
Invocations    | 1 2 3 |  3.3
Short Blades   | 1 2 3 |  3.0
Long Blades    | 1 2 3 |  3.0
Axes           | 1 2 3 |  3.0
Maces & Flails | 1 2 3 |  3.0
Staves         | 1 2 3 |  3.0
Slings         | 1 2 3 |  3.0
Bows           | 1 2 3 |  3.0
Crossbows      | 1 2 3 |  3.0
Throwing       | 1 2 3 |  3.0
Stealth        | 1 2 3 |  3.0
Shields        | 1 2 3 |  3.0
Unarmed Combat | 1 2 3 |  3.0
Evocations     | 1 2 3 |  3.0
Armour         | 3 4 |  4.0
Conjurations   | 1 2 |  2.4
Hexes          | 1 2 |  2.4
Summonings     | 1 2 |  2.4
Necromancy     | 1 2 |  2.4
Translocations | 1 2 |  2.4
Transmutations | 1 2 |  2.4
Fire Magic     | 1 2 |  2.4
Ice Magic      | 1 2 |  2.4
Air Magic      | 1 2 |  2.4
Earth Magic    | 1 2 |  2.4
Poison Magic   | 1 2 |  2.4
Fighting       | 5 |  5.5
Polearms       | 5 |  5.5
Dodging        | 5 |  5.5
Charms         | 6 |  6.0

Action                   |  1- 3 |  4- 6 |  7- 9 || total
-------------------------+-------+-------+-------++-------
Melee: Spear             |    64 |    91 |   177 ||   332
       Bite              |     6 |     3 |    29 ||    38
       Broad axe         |       |       |     3 ||     3
 Cast: Infusion          |     1 |       |       ||     1
       Song of Slaying   |     3 |     2 |     9 ||    14
       Spectral Weapon   |     1 |    13 |    22 ||    36
       Shroud of Golubri |     1 |     2 |     6 ||     9
       Regeneration      |       |       |     6 ||     6
Invok: Slouch            |       |       |     1 ||     1
  Use: Scroll            |       |     3 |     3 ||     6
       Potion            |       |     1 |     7 ||     8
 Stab: Distracted        |       |     1 |     4 ||     5
       Sleeping          |       |     1 |     2 ||     3
  Eat: Chunk             |       |     1 |     2 ||     3
Armor: Leather armour    |     7 |    15 |    25 ||    47
Dodge: Dodged            |    27 |    40 |   101 ||   168
Block: Buckler           |       |       |     2 ||     2

Table legend:
 A = Turns spent in this place as a percentage of turns spent in the entire game.
 B = Non-inter-level travel turns spent in this place as a percentage of non-inter-level travel turns spent in the entire game.
 C = Inter-level travel turns spent in this place as a percentage of turns spent in this place.
 D = Turns resting spent in this place as a percentage of non-inter-level travel turns spent in this place.
 E = Turns spent auto-exploring this place as a percentage of non-inter-level travel turns spent in this place.
 F = Non-inter-level travel turns spent in this place divided by the number of levels of this place that you've seen.
                   A       B       C       D       E      F
               +-------+-------+-------+-------+-------+----------------------
         Total | 100.0 | 100.0 |   1.0 |   0.0 |   0.0 | 182.6
       Dungeon |  74.6 |  74.4 |   1.4 |   0.0 |   0.0 | 174.6
         Sewer |  20.7 |  20.9 |   0.0 |   0.0 |   0.0 | 344.0
        Bailey |   4.6 |   4.7 |   0.0 |   0.0 |   0.0 |  77.0
               +-------+-------+-------+-------+-------+----------------------

Table legend:
 A = Kills in this place as a percentage of kills in entire the game.
 B = Kills by you in this place as a percentage of kills by you in the entire game.
 C = Kills by friends in this place as a percentage of kills by friends in the entire game.
 D = Other kills in this place as a percentage of other kills in the entire game.
 E = Experience gained in this place as a percentage of experience gained in the entire game.
 F = Experience gained in this place divided by the number of levels of this place that you have seen.
                   A       B       C       D       E      F
               +-------+-------+-------+-------+-------+----------------------
         Total | 100.0 | 100.0 |   N/A |   N/A | 100.0 | 167.0
       Dungeon |  56.8 |  56.8 |   N/A |   N/A |  77.7 | 166.9
         Sewer |  36.4 |  36.4 |   N/A |   N/A |  12.0 | 181.0
        Bailey |   6.8 |   6.8 |   N/A |   N/A |  10.2 | 154.0
               +-------+-------+-------+-------+-------+----------------------

Levels and vault maps discovered:
D:1:      dpeg_arrival_brainrot, layout_basic, minmay_misc_feat_rows,
          minmay_split_cup_small
D:2:      layout_rooms, old_standard_altar, nicolae_overflow_crystal_walls
D:3:      layout_basic, uniq_grinder, uniq_terence, uniq_natasha
D:4:      layout_layer_cave, cheibriados_altar_1, portal_sewer_entry_d,
          first_ration, minmay_quadrilaterals
D:5:      layout_loops_ring, minmay_temple_entry_glassed_door,
          hangedman_decor_diamond_cutter, hangedman_feature_mirror,
          chequers_serial_rivers_room_b, corexii_leaking_fountain
D:6:      layout_basic, kennysheep_little_box
D:7:      layout_gridville, enter_bailey_3, minmay_small_thing
Sewer:    sewer_minmay_treatment
Bailey:   bailey_axe_of_yendor_kennysheep, bailey
